Map: Last Fantasy LE

Players

jeannysu - Winner!

  • Race: Zerg Zerg
  • Spawn Location: 7:00

VOD

Have the link to the VOD?

Description

Time

  • Played on: Aug. 28, 2025, 9:40 a.m.
  • Length: 17:25
Show
View Real Time Build Order
Export as new Build Order

jeannysu Zerg - Winner!

Build Orders:  

Get SALT Encoding   

  12  0:04  Drone  
  13  0:17  Overlord  
  13  0:24  Drone  
  14  0:42  Drone x2  
  16  0:50  Drone  
  17  1:13  Drone  
  18  1:21  Hatchery  
  18  1:24  Drone  
  18  1:38  Extractor  
  17  1:44  Spawning Pool  
  17  1:46  Drone  
  17  1:50  Drone  
  18  2:05  Drone  
  19  2:20  Overlord  
  19  2:38  Drone  
  20  2:52  Zergling x2  
  20  2:55  Queen  
  23  3:02  Zergling x2  
  23  3:03  Queen  
  23  3:05  Drone  
  27  3:19  Drone  
  28  3:37  Drone  
  29  3:51  Hatchery  
  29  3:53  Queen  
  30  4:00  Drone  
  31  4:18  Metabolic Boost  
  31  4:20  Drone x3  
  31  4:23  Drone, Overlord  
  35  4:46  Drone  
  35  4:47  Overlord  
  35  4:48  Queen  
  38  5:00  Drone x2  
  40  5:16  Drone x2  
  40  5:17  Overlord  
  40  5:18  Drone  
  40  5:19  Drone x4  
  47  5:31  Extractor  
  47  5:35  Drone, Queen  
  49  5:49  Drone x3  
  52  5:53  Extractor  
  52  5:55  Extractor  
  50  6:02  Baneling Nest  
  50  6:04  Roach Warren  
  49  6:15  Drone x2  
  51  6:25  Queen  
  53  6:31  Drone x5  
  53  6:34  Overlord  
  58  6:42  Zergling x2  
  58  6:43  Zergling x4  
  61  6:50  Hatchery  
  60  7:02  Roach  
  60  7:03  Roach x2  
  60  7:07  Drone x2  
  60  7:08  Drone  
  69  7:11  Drone  
  69  7:13  Drone  
  71  7:21  Lair  
  71  7:23  Evolution Chamber  
  71  7:27  Evolution Chamber  
  69  7:30  Evolution Chamber  
  68  8:02  Drone x5  
  68  8:03  Drone  
  68  8:06  Overlord x4  
  74  8:25  Glial Reconstitution  
  74  8:27  Zerg Melee Weapons Level 1, Zerg Ground Armor Level 1, Zerg Missile Weapons Level 1  
  74  8:31  Drone x3  
  74  8:32  Roach x2  
  74  8:37  Drone  
  82  8:41  Drone  
  82  8:42  Drone x3  
  82  8:48  Queen  
  88  9:02  Drone x2  
  88  9:07  Roach x5  
  88  9:08  Roach  
  102  9:12  Overlord  
  102  9:25  Drone x6  
  102  9:26  Drone x2  
  102  9:27  Drone  
  111  9:30  Overlord  
  117  9:50  Roach  
  117  9:53  Overlord x2  
  117  9:55  Overlord x2  
  119  10:06  Extractor x2  
  117  10:15  Roach  
  117  10:16  Roach x4  
  127  10:54  Roach x5  
  127  10:55  Roach x11  
  159  11:13  Zerg Melee Weapons Level 2, Zerg Ground Armor Level 2, Zerg Missile Weapons Level 2  
  159  11:15  Overseer x2  
  159  11:20  Overlord x2  
  159  11:31  Extractor  
  159  11:33  Extractor  
  157  11:42  Drone x3  
  157  11:44  Overlord x5  
  160  12:05  Drone x3  
  160  12:06  Drone  
  160  12:07  Drone x6  
  160  12:08  Drone x3  
  173  12:19  Roach x4  
  181  12:31  Hatchery  
  180  12:58  Pneumatized Carapace  
  180  13:05  Infestation Pit  
  180  13:08  Spire  
  178  13:13  Spire  
  174  13:35  Unknown  
  142  13:53  Overseer x2  
  128  14:12  Roach  
  128  14:13  Roach x20  
  128  14:14  Roach x9  
  188  14:32  Overseer x2  
  188  14:34  Roach  
  188  14:35  Roach x5  
  187  14:56  Roach  
  187  14:57  Roach x4  
  176  15:22  Mutalisk, Roach x2  
  176  15:23  Roach x5  
  176  15:24  Roach x2  
  200  15:46  Hive  
  198  15:55  Queen  
  200  16:10  Overseer x2  
  198  16:43  Zergling x4  
  200  17:17  Extractor  
  200  17:18  Extractor  
Tags
 
Matchup
Co-op
Replay Pack
새 폴더
Add a new tag
Caveats
  • Supply blocks, unpowered buildings, or Contaminate may cause inaccurate times.
  • Supply counts are checked every 10 seconds.